 Dungeon Crawl Stone Soup version 0.29.0-4-gdea44cf6ec (webtiles) character file.

Game seed: 7342381492024088955

104 qw the Chopper (level 4, -2/24 (26) HPs)
             Began as a Tengu Warper on Aug 28, 2022.
             Slain by Grinder (7 damage)
             ... on level 3 of the Dungeon.
             The game lasted 00:00:17 (3045 turns).

qw the Chopper (Tengu Warper)                       Turns: 3045, Time: 00:00:17

HP:   -2/24 (26)    AC:  4    Str: 14    XL:     4   Next: 80%
MP:   8/8           EV: 12    Int: 13    God:
Gold: 136           SH:  0    Dex: 16    Spells: 7/7 levels left

rFire   + . .      SeeInvis .   Y - +1 hand axe
rCold   . . .      Faith    .   (no shield)
rNeg    . . .      Spirit   .   c - +0 leather armour {Will+}
rPois   .          Reflect  .   (helmet restricted)
rElec   .          Harm     .   (no cloak)
rCorr   .          Rampage  .   b - +0 pair of fencer's gloves {Riposte Dex+3}
Will    +....                   (boots unavailable)
Stlth   +.........              i - amulet of the acrobat
HPRegen 0.08/turn               f - ring of protection from fire
MPRegen 0.11/turn               (no ring)

@: about to teleport, drained
A: beak, talons 3
a: no special abilities


You were on level 3 of the Dungeon.
You visited 1 branch of the dungeon, and saw 3 of its levels.

You collected 136 gold pieces.


Innate Abilities, Weirdness & Mutations

You have a beak for a mouth.
You have claws for feet.


   Skills:
 - Level 2.0 Fighting
 + Level 5.3 Axes
 - Level 1.0 Throwing
 - Level 1.1 Armour
 - Level 2.1 Dodging
 - Level 2.0 Spellcasting
 - Level 2.4 Translocations


You had 7 spell levels left.
You didn't know any spells.
Your spell library contained the following spells:

 Spells                   Type           Power      Damage    Failure   Level
 Blink                    Tloc           14%        N/A       19%         2
 Gell's Gravitas          Tloc           7%         N/A       34%         3
 Lesser Beckoning         Tloc           7%         N/A       34%         3
 Teleport Other           Tloc           7%         N/A       34%         3
 Manifold Assault         Tloc           7%         N/A       97%         5

Inventory:

Hand Weapons
 d - a +0 flail
 Y - a +1 hand axe (weapon)
Missiles
 h - 3 boomerangs (quivered)
Armour
 b - the +0 pair of fencer's gloves (worn) {Riposte Dex+3}
   (You acquired it on level 2 of the Dungeon)

   It allows the wearer to riposte with melee weapons, swiftly retaliating
   against missed or blocked melee attacks.
   Dex:       It affects your dexterity (+3).
 c - a +0 leather armour of willpower (worn)
 g - a +0 ring mail
Jewellery
 f - a ring of protection from fire (left hand)
 i - an amulet of the acrobat (around neck)
 m - an amulet of regeneration
Scrolls
 l - a scroll of identify
Potions
 k - a potion of curing {unknown}

Dungeon Overview and Level Annotations

Branches:
Dungeon (3/15)

Altars:

Annotations:
D:3 1 runed translucent door, Crazy Yiuf, Grinder


Message History

Grinder gestures at you. You resist with some effort.
You hit Grinder. Your kick misses Grinder. You peck Grinder.
Grinder is lightly wounded.
Grinder hits you but does no damage.
You hit Grinder.
Grinder is lightly wounded.
Grinder barely misses you.
You barely miss Grinder. You claw Grinder.
Grinder is moderately wounded.
Grinder hits you.
You writhe in agony.
You hit Grinder.
Grinder is moderately wounded.
Grinder hits you.
You closely miss Grinder.
Grinder is moderately wounded.
Grinder gestures at you. Pain shoots through your body!
You hit Grinder. You claw Grinder, but do no damage.
You peck Grinder, but do no damage.
Grinder is moderately wounded.
Grinder hits you but does no damage.
You completely miss Grinder.
Grinder is moderately wounded.
Grinder blinks!
You hit Grinder but do no damage. Your kick misses Grinder.
You peck Grinder, but do no damage.
Grinder is moderately wounded.
Grinder hits you but does no damage.
You hit Grinder but do no damage. You claw Grinder.
Grinder is moderately wounded.
Grinder hits you.
You writhe in agony.
You barely miss Grinder. You punch Grinder.
Grinder is heavily wounded.
Grinder hits you.
3045 ||| READING scroll of teleportation.
As you read the scroll of teleportation, it crumbles to dust.
You feel strangely unstable. Grinder hits you!
You die...

#.......#####........
######...#.# #.######. ##.##
#...#.# #......#. ##.#.####..#?#
#.####.#.
########.#........#.#####.# #.#.
#............##...........# ##.#.
#.########.#.###..###########..##
####.#.# #..# ##.#.## #....#)#
#@.# #####.###.# ######.# #5.#
#...)## ##. #.# #..# #.###.###.#
#5# #..#####.####.#.## #.#
#.........# ##.## #.# #.######..#
#.# ..###.## #..# #.#
#..##...#####..####.#
#.###...............#


You could see Grinder.

Vanquished Creatures
  Jessica (D:2)
  3 dart slugs
  2 worms (D:2)
  6 orcs
  5 ball pythons
  4 endoplasms
  4 giant cockroaches
  4 goblins
  5 hobgoblins
  2 jackals (D:1)
  7 kobolds
  2 quokkas
  2 bats
  5 frilled lizards
  6 rats
58 creatures vanquished.

Notes
Turn   | Place    | Note
-------+----------+-------------------------------------------
     0 | D:1      | qw the Tengu Warper began the quest for the Orb.
     0 | D:1      | Reached XP level 1. HP: 12/12 MP: 4/4
     0 | D:1      | 0 ||| qw: Version: 0.1-a-89-g26bdef1
     0 | D:1      | 0 ||| qw: Game counter: 316
     0 | D:1      | 0 ||| qw: Always use a shield: true
     0 | D:1      | 0 ||| qw: God list: Okawaru
     0 | D:1      | 0 ||| qw: Allow faded altars: false
     0 | D:1      | 0 ||| qw: Do Orc after D:15 true
     0 | D:1      | 0 ||| qw: Do second Lair branch before Depths: true
     0 | D:1      | 0 ||| qw: Lair rune preference: random
     0 | D:1      | 0 ||| qw: Plans: Normal
     0 | D:1      | 0 ||| PLANNING D:1-11
    80 | D:1      | 80 ||| Stepping ~*~*~tactically~*~*~ (stealth).
    87 | D:1      | Reached skill level 3 in Axes
    87 | D:1      | Reached XP level 2. HP: 16/17 MP: 6/6
   118 | D:1      | 118 ||| Stepping ~*~*~tactically~*~*~ (stealth).
   119 | D:1      | 119 ||| Stepping ~*~*~tactically~*~*~ (stealth).
   126 | D:1      | 126 ||| Stepping ~*~*~tactically~*~*~ (stealth).
   148 | D:1      | 148 ||| Stepping ~*~*~tactically~*~*~ (stealth).
   926 | D:1      | 926 ||| UPGRADING to amulet of the acrobat.
   931 | D:1      | 931 ||| DROPPING +6 ring of intelligence.
   932 | D:1      | 932 ||| READING 3 scrolls labelled ATTASA ZYINGA.
   936 | D:1      | 936 ||| READING scroll labelled UPPIURHODYDI.
   937 | D:1      | 937 ||| READING scroll labelled GUOMADGHORGH.
   938 | D:1      | 938 ||| READING scroll labelled NEETRY IXEIT.
   939 | D:1      | 939 ||| READING scroll labelled FOMEYF GIVU.
   940 | D:1      | 940 ||| DROPPING scroll of blinking.
  1096 | D:2      | Reached XP level 3. HP: 21/21 MP: 7/7
  1182 | D:2      | 1182 ||| DROPPING +0 club.
  1211 | D:2      | Reached skill level 4 in Axes
  1249 | D:2      | Found a faded altar of an unknown god.
  1264 | D:2      | 1264 ||| Stepping ~*~*~tactically~*~*~ (stealth).
  1265 | D:2      | 1265 ||| Stepping ~*~*~tactically~*~*~ (stealth).
  1267 | D:2      | 1267 ||| Stepping ~*~*~tactically~*~*~ (stealth).
  1522 | D:2      | Noticed Jessica
  1527 | D:2      | Killed Jessica
  1528 | D:2      | Reached XP level 4. HP: 25/26 MP: 8/8
  1923 | D:2      | 1923 ||| UPGRADING to +0 leather armour of willpower.
  1933 | D:2      | 1933 ||| DROPPING +0 leather armour.
  1934 | D:2      | 1934 ||| READING scroll labelled ZAECWUL NIE.
  1934 | D:2      | Identified a scroll of acquirement
  1934 | D:2      | 1934 ||| ACQUIRING +0 pair of fencer's gloves {Riposte
                  | Dex+3}
  1934 | D:2      | Acquired the +0 pair of fencer's gloves {Riposte Dex+3}
  1934 | D:2      | Found the +0 pair of fencer's gloves {Riposte Dex+3}
  1936 | D:2      | 1936 ||| UPGRADING to +0 pair of fencer's gloves {Riposte
                  | Dex+3}.
  1941 | D:2      | 1941 ||| READING scroll labelled POJO NAMEPTAUHAA.
  1942 | D:2      | 1942 ||| DRINKING 3 red potions.
  1943 | D:2      | 1943 ||| READING 3 scrolls of identify.
  1943 | D:2      | 1943 ||| IDENTIFYING fuming blue potion
  1944 | D:2      | 1944 ||| READING 2 scrolls of identify.
  1944 | D:2      | 1944 ||| IDENTIFYING fizzy ruby potion
  1945 | D:2      | 1945 ||| DROPPING 2 potions of attraction.
  1946 | D:2      | 1946 ||| DROPPING potion of degeneration.
  1978 | D:3      | 1978 ||| Stepping ~*~*~tactically~*~*~ (stealth).
  2017 | D:3      | 2017 ||| Stepping ~*~*~tactically~*~*~ (stealth).
  2227 | D:3      | 2227 ||| Stepping ~*~*~tactically~*~*~ (stealth).
  2232 | D:3      | 2232 ||| Stepping ~*~*~tactically~*~*~ (stealth).
  2246 | D:3      | Reached skill level 5 in Axes
  2270 | D:3      | 2270 ||| Stepping ~*~*~tactically~*~*~ (hiding).
  2271 | D:3      | 2271 ||| STAIRDANCE
  2375 | D:2      | 2375 ||| UPGRADING to ring of protection from fire.
  2376 | D:2      | 2376 ||| READING scroll labelled UXOLIR LOBUTA.
  2381 | D:3      | 2381 ||| Stepping ~*~*~tactically~*~*~ (stealth).
  2382 | D:3      | 2382 ||| Stepping ~*~*~tactically~*~*~ (stealth).
  2390 | D:3      | 2390 ||| DROPPING +0 whip.
  2735 | D:3      | 2735 ||| Stepping ~*~*~tactically~*~*~ (stealth).
  2802 | D:3      | Noticed Grinder
  2811 | D:3      | Paralysed by Grinder for 4 turns
  2815 | D:3      | HP: 3/23 [Grinder (4)]
  2816 | D:3      | 2816 ||| READING 2 scrolls of teleportation.
  2817 | D:3      | 2817 ||| DRINKING potion of heal wounds.
  2879 | D:3      | 2879 ||| Stepping ~*~*~tactically~*~*~ (hiding).
  2961 | D:3      | Found a runed translucent door.
  2962 | D:3      | Noticed Crazy Yiuf
  3029 | D:3      | Paralysed by Grinder for 3 turns
  3044 | D:3      | HP: 5/24 [Grinder (3)]
  3045 | D:3      | 3045 ||| READING scroll of teleportation.
  3045 | D:3      | Slain by Grinder

Levels and vault maps discovered:
D:1:      lemuel_arrival_cross, layout_basic, minmay_misc_feat_cross
D:2:      layout_loops_cross, hellmonk_ecumenical_altar_zigzags,
          minmay_misc_feat_doors, small_statue_intersection, uniq_jessica
D:3:      layout_loops_ring, nicolae_overflow_hallway_of_the_gods,
          uniq_crazy_yiuf_cottage, uniq_grinder

Skill      XL: |  1  2  3  4 |
---------------+-------------+-----
Axes           | 3 4 5 |  5.3
Fighting       | |  2.0
Throwing       | |  1.0
Armour         | |  1.1
Dodging        | |  2.1
Spellcasting   | |  2.0
Translocations | |  2.4

Action                   |  1- 3 |  4- 6 || total
-------------------------+-------+-------++-------
Melee: Hand axe          |    56 |    74 ||   130
       Kick              |    12 |    17 ||    29
       Peck              |     2 |    19 ||    21
       Punch             |       |     1 ||     1
Throw: Boomerang         |     7 |    12 ||    19
  Use: Scroll            |     5 |     7 ||    12
       Potion            |       |     2 ||     2
Armor: Leather armour    |     6 |    13 ||    19
Dodge: Dodged            |    27 |    33 ||    60
       Rpst.: Hand axe   |       |     7 ||     7

Table legend:
 A = Non-vault XP
 B = Vault XP
 C = Vault XP percentage of total XP
 D = Non-vault monster count
 E = Vault monster count
 F = Vault count percentage of total count
                 A         B        C        D         E       F
            +---------+---------+-------+---------+---------+-------
      Total |     112 |      37 |  24.8 |      57 |       1 |   1.7
            +---------+---------+-------+---------+---------+-------
        D:1 |      28 |       0 |   0.0 |      17 |       0 |   0.0
        D:2 |      39 |      37 |  48.7 |      19 |       1 |   5.0
        D:3 |      45 |       0 |   0.0 |      21 |       0 |   0.0
            +---------+---------+-------+---------+---------+-------
